AoeStats
← Clueless Clown

Nomad

503236065Analyzed
2v2 RM · 1mo ago on Aug 30, 2026· 45m 5s· 4 players
Game mode
Random Map
Map size
176×176
Population
200
Speed
Normal
Resources
Standard
Victory
Conquest
Starting age
Dark Age
Ending age
Imperial Age
RankedLock teamsTeams togetherTeam positionsShared explorationLock speedFull tech treeHidden civsTurbo modeCheats
Victory
Defeat
🇨🇱 Turks · Chile
1110
+12
🇨🇱 Franks · Chile
928
+20
🇺🇸 Malay · United States
1040
-17
🇦🇷 Khmer · Argentina
1000
-15
Clueless Clown
13:26 Feudal Age
12:55 Man-at-Arms
13:21 Arson
14:47 Double-Bit Axe
14:44 Horse Collar
14:56 Fishing Lines
18:37 Loom
21:36 Castle Age
20:34 Long Swordsman
21:26 Forging
21:44 Gillnets
22:13 Medium Warships
23:11 Iron Casting
23:53 Squires
23:14 Pikeman
25:17 Husbandry
25:42 Fletching
26:28 Bodkin Arrow
33:48 Thalassocracy
34:20 Scale Barding Armor
44:53 Imperial Age
41:57 Crossbowman
44:31 Bow Saw
43:44 Elite Skirmisher
44:27 Padded Archer Armor
CuerVoArG!!!
3:18 Loom
12:59 Feudal Age
15:23 Forging
16:01 Horse Collar
16:10 Double-Bit Axe
21:56 Castle Age
20:30 Gold Mining
23:32 Heavy Plow
23:46 Bow Saw
24:15 Pikeman
28:21 Iron Casting
37:22 Imperial Age
39:55 Scale Mail Armor
40:56 Blast Furnace
43:41 Halberdier
kito
13:15 Feudal Age
13:44 Double-Bit Axe
14:24 Fishing Lines
17:12 Gold Mining
21:53 Castle Age
21:08 Scale Barding Armor
23:12 Husbandry
34:13 Forging
39:43 Chain Barding Armor
39:58 Iron Casting
Cranel
13:47 Feudal Age
14:25 Double-Bit Axe
16:26 Wheelbarrow
17:06 Gold Mining
21:21 Castle Age
21:27 Bloodlines
22:16 Forging
25:23 Scale Barding Armor
28:42 Hand Cart
28:14 Loom
28:31 Stone Mining
37:45 Padded Archer Armor
41:28 Ballistics
44:40 Masonry
45:16 Leather Archer Armor
Connection lost

Rejoining the realm…

Still unreachable

The connection could not be restored.

Session expired

The server has moved on; the page needs a fresh start.